 Dungeon Crawl Stone Soup version 0.27.1-33-g824d729ab1 (webtiles) character file.

Game seed: 2212580234397348517

5 Descartes the Grasshopper (level 1, 0/9 HPs)
             Began as a Felid Warper on Dec 21, 2021.
             Slain by a quokka (3 damage)
             ... on level 1 of the Dungeon.
             The game lasted 00:02:40 (434 turns).

Descartes the Grasshopper (Felid Warper)             Turns: 434, Time: 00:02:41

Health: 0/9        AC:  1    Str:  7    XL:     1   Next: 66%
Magic:  4/4        EV: 18    Int: 14    God:
Gold:   32         SH:  0    Dex: 15    Spells: 4/4 levels left
                                        Lives:  0   Deaths: 0

rFire    . . .     SeeInvis +     - Unarmed
rCold    . . .     Faith    .   (shield unavailable)
rNeg     . . .     Spirit   .   (armour unavailable)
rPois    .         Reflect  .   (helmet unavailable)
rElec    .         Harm     .   (cloak unavailable)
rCorr    .         Rampage  .   (gloves unavailable)
Will     .....                  (boots unavailable)
Stlth    ++........             (no amulet)
HPRegen  0.03/turn              (no ring)
MPRegen  0.09/turn              (no ring)

@: quick
A: very small, claws 1, fangs 3, see invisible, speed 1, shaggy fur 1, stealthy
paws, no weapons or thrown items, no armour, multi-lived
a: no special abilities


You were on level 1 of the Dungeon.
You visited 1 branch of the dungeon, and saw 1 of its levels.

You collected 32 gold pieces.

Inventory:

Scrolls
 a - a scroll of blinking
 c - a scroll of teleportation {unknown}
Potions
 b - a potion of heal wounds {unknown}


   Skills:
 - Level 2.0 Fighting
 + Level 3.4 Dodging
 + Level 1.0 Stealth
 + Level 2.1 Unarmed Combat
 - Level 2.0 Spellcasting
 - Level 4.4 Translocations


You had 4 spell levels left.
You didn't know any spells.
Your spell library contained the following spells:

 Spells                   Type           Power      Damage    Failure   Level
 Blink                    Tloc           N/A        N/A       6%          2
 Gell's Gravitas          Tloc           6%         N/A       12%         3
 Lesser Beckoning         Tloc           6%         N/A       12%         3
 Teleport Other           Tloc           13%        N/A       12%         3
 Manifold Assault         Tloc           13%        N/A       73%         5


Dungeon Overview and Level Annotations

Branches:
Dungeon (1/15)

Altars:


Innate Abilities, Weirdness & Mutations

You have sharp claws.
You have razor-sharp teeth.
You have supernaturally acute eyesight. (SInv)
You cover ground quickly. (Speed+)
You are covered in fur. (AC +1)
Your paws help you pounce on unaware monsters.
You are incapable of wielding weapons or throwing items.
You cannot wear armour.
You gain extra lives every three experience levels.


Message History

The kobold barely misses you.
You barely miss the kobold.
The kobold is severely wounded.
The quokka closely misses you.
A hobgoblin comes into view.
The kobold closely misses you.
You closely miss the kobold.
The kobold is severely wounded.
The quokka barely misses you.
The kobold hits you with a +2 short sword of venom.
The hobgoblin shouts!
You scratch the kobold.
You kill the kobold!
The quokka misses you.
You barely miss the quokka. The quokka closely misses you. x2
You closely miss the quokka. The bat misses you. The quokka closely misses you.
You scratch the hobgoblin.
The hobgoblin is moderately wounded.
The bat completely misses you. The bat misses you.
The quokka completely misses you. The hobgoblin hits you.
You are too injured to fight recklessly!
You are too injured to fight recklessly!
You are too injured to fight recklessly!
You are too injured to fight recklessly!
You are too injured to fight recklessly!
You are too injured to fight recklessly!
You are too injured to fight recklessly!
You are too injured to fight recklessly!
You are too injured to fight recklessly!
You are too injured to fight recklessly!
You are too injured to fight recklessly!
You are too injured to fight recklessly!
You are too injured to fight recklessly!
You are too injured to fight recklessly!
You are too injured to fight recklessly!
You are too injured to fight recklessly!
You are too injured to fight recklessly!
You are too injured to fight recklessly!
The quokka bites you.
You die...

###### ......#
....... ........#
.(......#
........+ .
........##+#####..
.................
###.....#@.......
#.....#br......
#.....#g.......
#.).###........
#..#
#........#...## ..
...#
#..####......+
#.##...# #..#
.......# #.##...#
#..+ .......#
.......# ##.#
.......#


You could see a quokka, a hobgoblin and a bat.

Vanquished Creatures
  A bat (D:1)
  A goblin (D:1)
  3 kobolds (D:1)
5 creatures vanquished.

Notes
Turn   | Place    | Note
-------+----------+-------------------------------------------
     0 | D:1      | Descartes the Felid Warper began the quest for the Orb.
     0 | D:1      | Reached XP level 1. HP: 9/9 MP: 4/4
   418 | D:1      | Reached skill level 1 in Stealth
   434 | D:1      | Slain by a quokka

Illustrated notes

Levels and vault maps discovered:
D:1:      dpeg_arrival_central, layout_basic, shapermc_ecumenical_altar_ellora

Skill      XL: |  1 |
---------------+----+-----
Stealth        | 1 |  1.0
Fighting       | |  2.0
Dodging        | |  3.4
Unarmed Combat | |  2.1
Spellcasting   | |  2.0
Translocations | |  4.4

Action                   || total
-------------------------++-------
Melee: Unarmed           ||    19
Dodge: Dodged            ||    22
